 Dungeon Crawl Stone Soup version 0.31-a0-538-gbc85326fa9 (webtiles) character file.

Game seed: 4059117160149738908

119 Demosthentine the Ducker (level 4, -1/54 HPs)
             Began as a Demonspawn Gladiator on Aug 14, 2023.
             Killed by divine providence
             ... invoked by an orc priest
              (10 damage)
             ... on level 3 of the Dungeon.
             The game lasted 00:02:14 (1991 turns).

Demosthentine the Ducker (Demonspawn Gladiator)     Turns: 1991, Time: 00:02:14

Health: -1/54      AC: 26    Str: 16    XL:     4   Next: 74%
Magic:  4/4        EV:  2    Int: 10    God:
Gold:   142        SH:  0    Dex: 14    Spells: 3/3 levels left

rFire   . . .        a - +0 trident
rCold   . . .        (no shield)
rNeg    . . .        b - melded +0 leather armour
rPois   +            k - melded +2 helmet
rElec   .            (cloak currently unavailable)
rCorr   .            (gloves currently unavailable)
SInv    .            (boots currently unavailable)
Will    .....        (no amulet)
Stlth   +            l - ring of poison resistance
HPRegen 0.29/turn    f - +4 ring of protection
MPRegen 0.09/turn

%: no passive effects
@: tree-form
A: stationary, stasis, torment immunity, boosted hp, rugged brown scales 2,
demonic magic 1
a: no special abilities


You were on level 3 of the Dungeon.
You were a tree.
You visited 1 branch of the dungeon, and saw 3 of its levels.

You collected 142 gold pieces.

Inventory:

Hand Weapons
 a - a +0 trident (weapon)
Missiles
 d - 3 throwing nets (quivered)
 e - a javelin
Armour
 b - a +0 leather armour (melded)
 k - a +2 helmet (melded)
Jewellery
 f - a +4 ring of protection (right branch)
 l - a ring of poison resistance (left branch)
Scrolls
 g - 2 scrolls of teleportation
Potions
 j - a potion of brilliance
 m - 2 potions of lignification
 n - a potion of attraction


   Skills:
 + Level 3.0 Fighting
 + Level 3.4 Polearms
 - Level 1.7 Throwing
 + Level 1.7 Armour
 + Level 3.4 Dodging


You had 3 spell levels left.
You didn't know any spells.
Your spell library contained the following spells:

 Spells                   Type           Power      Damage    Failure   Level
 Sting                    Tmut/Pois      0%         1d3       36%         1
 Poisonous Vapours        Pois/Air       0%         N/A       50%         2
 Olgreb's Toxic Radiance  Pois           0%         N/A       98%         4


Dungeon Overview and Level Annotations

Branches:
Dungeon (3/15)

Altars:


Innate Abilities, Weirdness & Mutations

You are a tree.
Your roots penetrate the ground, keeping you stationary.
You cannot be teleported.
You are immune to unholy pain and torment.
Your maximum health is greatly increased.
Your equipment is partially melded.
(You are mostly covered in rugged brown scales. (AC +2, +5% HP))
Spells you cast may paralyse adjacent enemies.


Message History

You puncture the orc!
You kill the orc!
The bat hits you. The orc hits you with a +0 dagger.
You barely miss the orc. The bat misses you.
The bat hits you but does no damage.
The orc priest looks satisfied for a moment.
The orc barely misses you.
There are monsters nearby!
You closely miss the orc. The bat hits you but does no damage.
The orc misses you.
You closely miss the orc priest. You punch the orc priest.
The orc priest is lightly wounded.
The bat completely misses you.
The orc priest mumbles some strange prayers to Beogh against you.
Beogh smites you! The orc hits you with a +0 dagger.
Unknown command.
The bat barely misses you.
The orc priest attacks as you move away!
The orc priest hits you with a +0 flail.
The bat hits you. The bat hits you but does no damage.
The bat barely misses you. The bat attacks as you move away!
The bat barely misses you. The bat hits you.
The orc priest invokes the aid of Beogh against you.
Beogh smites you!
* * * LOW HITPOINT WARNING * * *
The bat hits you but does no damage.
You barely miss the bat. The bat hits you but does no damage.
The bat closely misses you.
It was a potion of lignification.
You turn into a tree.
Your +2 helmet melds into your body.
Your +0 leather armour melds into your body.
Your roots penetrate the ground.
The bat hits you but does no damage. The bat barely misses you.
You puncture the bat!
You kill the bat!
You hit the orc.
The orc is lightly wounded.
The orc priest invokes the aid of Beogh against you.
Beogh smites you!
You die...

#. ###.......#
..##.##.........#
.................
#... #)........##
.... ....
#........... #..#
#..#.#####o...###
##..#.#..#.#
#.##.#
....#.#..#.# #o# #
......#..#.# #♣#
....###..#.# #.#
.....##..#.#####.#
.#...............#
.................#
.#...#.....###...#
.................#
.....#...........#
..........####...#


You could see an orc priest and an orc.

Vanquished Creatures
  7 adders (D:2)
  A worm (D:2)
  A dart slug (D:2)
  2 orcs (D:3)
  5 bats
  6 endoplasms
  A giant cockroach (D:2)
  4 hobgoblins (D:1)
  A jackal (D:2)
  2 quokkas (D:2)
  7 ball pythons
  2 frilled lizards (D:1)
  6 goblins (D:2)
  A kobold (D:2)
  5 rats
51 creatures vanquished.

Notes
Turn   | Place    | Note
-------+----------+-------------------------------------------
     0 | D:1      | Demosthentine the Demonspawn Gladiator began the quest for
                  | the Orb.
     0 | D:1      | Reached XP level 1. HP: 16/16 MP: 1/1
   490 | D:1      | Gained mutation: You are partially covered in rugged brown
                  | scales. (AC +1, +3% HP) [demonic ancestry]
   490 | D:1      | Reached XP level 2. HP: 13/22 MP: 2/2
  1034 | D:2      | Reached skill level 1 in Armour
  1062 | D:2      | Gained mutation: You are mostly covered in rugged brown
                  | scales. (AC +2, +5% HP) [demonic ancestry]
  1062 | D:2      | Reached XP level 3. HP: 21/29 MP: 3/3
  1485 | D:2      | Gained mutation: Spells you cast may paralyse adjacent
                  | enemies. [demonic ancestry]
  1485 | D:2      | Reached XP level 4. HP: 34/35 MP: 4/4
  1991 | D:3      | Killed from afar by an orc priest

Illustrated notes

Levels and vault maps discovered:
D:1:      dpeg_arrival_orchard, layout_basic, minmay_misc_feat_ornament
D:2:      minmay_alternating_diamond, layout_loops_ring,
          kennysheep_decorative_pillar, minmay_fountain_box,
          minmay_quadrilaterals
D:3:      layout_basic, lemuel_round_altar, nrook_uturn

Skill      XL: |  1  2  3  4 |
---------------+-------------+-----
Polearms       | 3 |  3.4
Armour         | 1 |  1.7
Dodging        | 3 |  3.4
Fighting       | 3 |  3.0
Throwing       | |  1.7

Action                     |  1- 3 |  4- 6 || total
---------------------------+-------+-------++-------
  Melee: Trident           |   107 |   103 ||   210
         Punch             |     1 |     1 ||     2
    Use: Scroll            |     7 |     2 ||     9
         Potion            |       |     1 ||     1
   Stab: Sleeping          |     3 |     1 ||     4
 Armour: Leather armour    |    32 |    45 ||    77
         Skin              |       |     1 ||     1
  Dodge: Dodged            |    65 |    93 ||   158

Table legend: (Time is in decaauts)
 A = Elapsed time spent in this place.
 B = Non-inter-level travel time spent in this place.
 C = Inter-level travel time spent in this place.
 D = Time resting spent in this place.
 E = Time spent auto-exploring this place.
 F = Levels seen in this place.
 G = Mean time per level.
                   A        B        C        D        E       F      G
               +--------+--------+--------+--------+--------+-----+--------+
         Total |   2020 |   1995 |     25 |      0 |   1546 |   3 |  673.3 |
       Dungeon |   2020 |   1995 |     25 |      0 |   1546 |   3 |  673.3 |
               +--------+--------+--------+--------+--------+-----+--------+

Top non-repeatable levels by time:
     D:2: 1044 daAuts
     D:1: 922 daAuts
     D:3: 53 daAuts
